cohdb
Replays
Latest Replays
All Replays
Popular Replays
Top Player Replays
Match Explorer
How It Works
Community
CoH3 Stats
Reddit
Sign in to upload your games and track your stats! →
Sign in with Steam
Bunker play in 1.6.7
Match 22913391
Overview
Messages
Build Orders
End
Construct Barracks
Riflemen Squad
Riflemen Squad
Riflemen Squad
M1 Mortar Team
Infantry Support Center
Construct Medical Station
Construct Motor Pool
Riflemen Squad
M8 Greyhound Armored Car
Engineer Squad
M1918 Browning Automatic Rifles
Munitions Surplus
M1 Anti-tank Gun Team
M1 Anti-tank Gun Team
Grenade Package
Construct Tank Depot
M1 Anti-tank Gun Team
Selects Armored Battlegroup
Selects Veteran Crews
Selects M31 Recovery Vehicle
Selects War Machine
Selects Strength in Steel
Selects Seek and Destroy
Selects UNKNOWN (2160077)
M4A3E8 Sherman Easy Eight
Riflemen Squad
M4A3E8 Sherman Easy Eight
M1 Anti-tank Gun Team
M4A3E8 Sherman Easy Eight
M1 Anti-tank Gun Team
M4A3E8 Sherman Easy Eight
Riflemen Squad
Riflemen Squad
M8 Greyhound Armored Car
M8 Greyhound Armored Car
ASUKA TOP SOSKA>З
CAuMOH
豪师傅
ClaudiaEnfield
0
0
Comments
sign in to comment!
No comments posted yet!